 Dungeon Crawl Stone Soup version 0.25.0-15-gac7dcb8919 (webtiles) character file.

Game seed: 16209628260750064725

517 protoss039 the Grave Robber (level 7, -1/46 HPs)
             Began as a Demonspawn Necromancer on June 28, 2020.
             Killed by nerve-wracking pain
             ... invoked by an orc priest
              (11 damage)
             ... on level 4 of the Dungeon.
             The game lasted 00:16:02 (4910 turns).

protoss039 the Grave Robber (DsNe)                  Turns: 4910, Time: 00:16:03

Health: -1/46      AC:  2    Str:  8    XL:     7   Next: 0%
Magic:  11/15      EV: 12    Int: 18    God:
Gold:   151        SH:  0    Dex: 16    Spells: 8/17 levels left

rFire    . . .     SeeInvis .   b - +1 dagger (venom)
rCold    . . .     Gourm    .   (no shield)
rNeg     . . .     Faith    .   a - +0 robe
rPois    .         Spirit   .   (helmet restricted)
rElec    .         Reflect  .   (no cloak)
rCorr    .         Harm     .   (no gloves)
MR       .....                  (no boots)
Stlth    +++.......             (no amulet)
HPRegen  0.15/turn              (no ring)
MPRegen  0.14/turn              (no ring)

@: about to teleport
A: horns 2, thin skeletal structure 1, nightstalker 1, spiny 1
a: no special abilities


You were on level 4 of the Dungeon.
You were not hungry.

You visited 1 branch of the dungeon, and saw 4 of its levels.

You collected 151 gold pieces.

Inventory:

Hand Weapons
 b - a +1 dagger of venom (weapon)
 m - a +0 hand axe of freezing
Armour
 a - a +0 robe (worn)
 n - a cursed +0 leather armour
Jewellery
 f - an uncursed ring of protection from cold {unknown}
Scrolls
 d - 2 scrolls of remove curse
 g - 3 scrolls of teleportation
Potions
 e - a potion of resistance
 k - 2 potions of mutation
 p - a potion of haste
Comestibles
 c - 3 rations
 h - 7 chunks of flesh


   Skills:
 + Level 0.2 Fighting
 - Level 1.7 Dodging
 - Level 1.7 Stealth
 * Level 5.7 Spellcasting
 + Level 6.5 Necromancy


You had 8 spell levels left.
You knew the following spells:

 Your Spells              Type           Power        Failure   Level  Hunger
a - Pain                  Necr           ####         1%          1    None
b - Animate Skeleton      Necr           N/A          1%          1    None
c - Vampiric Draining     Necr           ####......   2%          3    ##.....
d - Animate Dead          Necr           N/A          9%          4    ####...

Your spell library contained the following spells:

 Spells                   Type           Power        Failure   Level  Hunger
 Agony                    Necr           ####....     24%         5    #####..


Dungeon Overview and Level Annotations

Branches:
Dungeon (4/15)
 Temple: D:4-7

Altars:
Uskayaw

Annotations:
D:3 2 runed translucent doors, MisterFreud's ghost, amateur FoFi


Innate Abilities, Weirdness & Mutations

You have a pair of horns on your head.
You have a somewhat thin skeletal structure. (Dex +2, Stealth)
You are slightly more attuned to the shadows.
You are partially covered in sharp spines.


Message History

Unknown command.
Unknown command.
Casting: Pain (safe; 1% risk of failure)
Confirm with . or Enter, or press ? or * to list all spells.
Aiming: Pain (safe; 1% risk of failure)
Press: ? - help, Shift-Dir - straight line, f/p - orc priest
Aim: an orc priest, wielding a +0 whip (moderately wounded, chance to defeat MR: 84%)
Okay, then.
Unknown command.
As you read the scroll of teleportation, it crumbles to dust.
You feel strangely unstable.
A quokka skeleton comes into view.
The frilled lizard bites you.
* * * LOW HITPOINT WARNING * * *
The orc is struck by your spines. The orc misses you.
Unknown command.
Unknown command.
The orc priest calls down the wrath of Beogh upon you.
Pain shoots through your body!
You die...

.....######.........###+
.........................
........................S
..[......................
.........................
.........................
.........................
.........................
................@........
... ..........o.l........
... .........oo.........
... ...................
.. .........^........ .
........o.......%
.......Z!........
.................
................


You could see an orc priest, an orc wizard, 2 orcs, a frilled lizard and a
quokka skeleton.

Vanquished Creatures
  Sigmund (D:3)
  An ice beast (D:3)
  A bullfrog skeleton (D:3)
  A centaur skeleton (D:4)
  2 orc wizards (D:4)
  6 adders
  An ooze (D:2)
  A worm (D:3)
  2 dart slugs
  A leopard gecko (D:1)
  12 orcs
  A ball python (D:3)
  9 bats
  4 giant cockroaches
  8 goblins
  10 hobgoblins
  3 jackals (D:1)
  8 kobolds
  5 frilled lizards
  A leopard gecko skeleton (D:4)
  8 rats
86 creatures vanquished.

Notes
Turn   | Place    | Note
-------+----------+-------------------------------------------
     0 | D:1      | protoss039 the Demonspawn Necromancer began the quest for
                  | the Orb.
     0 | D:1      | Reached XP level 1. HP: 13/13 MP: 3/3
   303 | D:1      | Learned a level 1 spell: Animate Skeleton
   331 | D:1      | Gained mutation: You are partially covered in sharp spines.
                  | [demonic ancestry]
   331 | D:1      | Reached XP level 2. HP: 14/19 MP: 0/5
   719 | D:1      | Reached skill level 5 in Necromancy
  1461 | D:1      | Gained mutation: You have a pair of small horns on your
                  | head. [demonic ancestry]
  1461 | D:1      | Reached XP level 3. HP: 23/24 MP: 3/6
  1964 | D:2      | Reached XP level 4. HP: 24/30 MP: 1/8
  2808 | D:3      | Learned a level 3 spell: Vampiric Draining
  3680 | D:3      | Gained mutation: You have a pair of horns on your head.
                  | [demonic ancestry]
  3680 | D:3      | Reached XP level 5. HP: 28/35 MP: 10/10
  3685 | D:3      | Noticed Sigmund
  3956 | D:3      | Found a hide-covered altar of Uskayaw.
  4148 | D:3      | Noticed an ice beast
  4157 | D:3      | Killed an ice beast
  4157 | D:3      | Reached skill level 6 in Necromancy
  4157 | D:3      | Gained mutation: You have a somewhat thin skeletal
                  | structure. (Dex +2, Stealth) [demonic ancestry]
  4157 | D:3      | Reached XP level 6. HP: 26/41 MP: 2/12
  4296 | D:3      | Killed Sigmund
  4296 | D:3      | Reached skill level 5 in Spellcasting
  4398 | D:3      | Found a large runed translucent door.
  4399 | D:3      | Found a large runed translucent door.
  4705 | D:3      | Noticed MisterFreud's ghost (amateur FoFi)
  4745 | D:4      | Learned a level 4 spell: Animate Dead
  4907 | D:4      | Gained mutation: You are slightly more attuned to the
                  | shadows. [demonic ancestry]
  4907 | D:4      | Reached XP level 7. HP: 20/46 MP: 12/15
  4910 | D:4      | Killed from afar by an orc priest

Illustrated notes

Levels and vault maps discovered:
D:1:      dpeg_chamrin_arrival_tetris, layout_rooms, hex_intersection
D:2:      layout_basic
D:3:      layout_basic, old_standard_altar, ebering_ghost_disaster_area,
          uniq_sigmund
D:4:      layout_basic

Skill      XL: |  1  2  3  4  5  6 |
---------------+-------------------+-----
Necromancy     | 5 6 |  6.5
Spellcasting   | 3 4 5 |  5.7
Fighting       | |  0.2
Dodging        | |  1.7
Stealth        | |  1.7

Action                   |  1- 3 |  4- 6 |  7- 9 || total
-------------------------+-------+-------+-------++-------
Melee: Unarmed           |     6 |       |       ||     6
       Spear             |    14 |       |       ||    14
       Dagger            |       |    11 |       ||    11
       Headbutt          |       |     4 |       ||     4
 Cast: Pain              |    62 |   110 |     2 ||   174
       Vampiric Draining |       |     6 |       ||     6
       Animate Skeleton  |       |     1 |       ||     1
  Use: Scroll            |       |    11 |     1 ||    12
       Potion            |       |     1 |       ||     1
  Eat: Chunk             |     4 |     9 |       ||    13
Armor: Robe              |     5 |     3 |     1 ||     9
Dodge: Dodged            |    24 |    24 |     2 ||    50
